 Dungeon Crawl Stone Soup version 0.26-b1-32-g5d43845318 (webtiles) character file.

Game seed: 3103358547971502123

1622 Borgoz the Cudgeller (level 8, -5/51 HPs)
             Began as a Gargoyle Gladiator on Jan 10, 2021.
             Was a Believer of Ashenzari.
             Killed by divine providence
             ... invoked by an orc priest
              (9 damage)
             ... on level 7 of the Dungeon.
             The game lasted 00:11:50 (6830 turns).

Borgoz the Cudgeller (Gargoyle Gladiator)           Turns: 6830, Time: 00:11:51

Health: -5/51      AC: 27    Str: 15    XL:     8   Next: 96%
Magic:  8/8        EV: 14    Int:  9    God:    Ashenzari [**....]
Gold:   265        SH:  5    Dex: 23    Spells: 7/7 levels left

rFire    . . .     SeeInvis +   b - +2 flail (protect)
rCold    . . .     Faith    .   (no shield)
rNeg     + . .     Spirit   .   v - +0 ring mail
rPois    ∞         Reflect  +   c - +1 helmet
rElec    +         Harm     +   x - +0 cloak
rCorr    .         Rampage  .   y - +3 pair of gloves of Howas {Harm *Slow Str-3 Dex+10}
Will     .....                  s - +0 pair of boots
Stlth    +.........             h - amulet of reflection
HPRegen  0.17/turn              (no ring)
MPRegen  0.11/turn              g - ring of see invisible

@: protection aura
A: negative energy resistance 1, electricity resistance, unbreathing,
petrification resistance, miasma immunity, AC +5
a: Renounce Religion, Curse Item, Scrying


You were on level 7 of the Dungeon.
You worshipped Ashenzari.
Ashenzari was pleased with you.
You visited 2 branches of the dungeon, and saw 8 of its levels.
You also visited: Sewer.

You collected 265 gold pieces.

Inventory:

Hand Weapons
 b - a +2 flail of protection (weapon)
Missiles
 d - a throwing net (quivered)
Armour
 c - a +1 helmet (worn)
 s - a +0 pair of boots (worn)
 v - a +0 ring mail (worn)
 x - a +0 cloak (worn)
 y - the +3 pair of gloves of Howas (worn) {Harm *Slow Str-3 Dex+10}
   (You found it on level 6 of the Dungeon)

   It affects your strength (-3).
   It affects your dexterity (+10).
   It may slow you when you take damage.
   It increases damage dealt and taken.
Jewellery
 g - a ring of see invisible (right hand)
 h - an amulet of reflection (around neck)
 p - an uncursed ring of fire
 w - an uncursed amulet of guardian spirit
Wands
 e - a wand of flame (18)
 u - a wand of digging (4)
Scrolls
 a - a scroll of remove curse
 j - 4 scrolls of enchant armour
 k - 5 scrolls of enchant weapon
 l - 8 scrolls of teleportation
 q - 2 scrolls of fog
Potions
 f - 7 potions of curing
 i - 4 potions of flight
 m - 2 potions of magic
 n - 4 potions of brilliance
 o - 3 potions of heal wounds
 r - 3 potions of might
 t - a potion of haste
 z - 2 potions of attraction {unknown}
 A - 2 potions of ambrosia


   Skills:
 + Level 5.7 Fighting
 * Level 7.6 Maces & Flails
 - Level 1.9 Throwing
 + Level 5.1 Armour
 + Level 4.7 Dodging


You had 7 spell levels left.
You didn't know any spells.
Your spell library was empty.

Dungeon Overview and Level Annotations

Branches:
Dungeon (7/15)             Temple (1/1) D:5           Sewer (visited)

Altars:
Ashenzari
Cheibriados
Elyvilon
Fedhas
Gozag
Hepliaklqana
Kikubaaqudgha
Makhleb
Nemelex Xobeh
Okawaru
Qazlal
Ru
Sif Muna
Trog
Uskayaw
Wu Jian
Xom
Zin
The Shining One

Shops:
D:5 =   D:6 [

Annotations:
D:4 2 runed translucent doors, jmlagarto's ghost, novice MfTm


Innate Abilities, Weirdness & Mutations

You are resistant to torment.
Your stone body is resilient. (AC +5)
You are immune to poison.
You resist negative energy. (rN+)
You are resistant to electric shocks. (rElec)
You can survive without breathing.
You are immune to petrification.
You are immune to miasma.


Message History

The orc closely misses you.
The orc priest hits you but does no damage.
You closely miss the orc priest. The orc closely misses you.
You block the orc priest's attack.
You completely miss the orc priest. The orc hits you but does no damage.
The orc priest calls down the wrath of Beogh upon you.
Beogh smites you!
You hit the orc priest.
The orc priest is moderately wounded.
The orc priest invokes the aid of Beogh against you.
Beogh smites you!
The orc priest mumbles some strange prayers to Beogh against you.
Beogh smites you!
* * * LOW HITPOINT WARNING * * *
You block the orc's attack.
You are too injured to fight recklessly!
You are too injured to fight recklessly!
The orc priest calls down the wrath of Beogh upon you.
Beogh smites you!
You die...

* * * , , , , ≈
* .,...# , ,
#.#... , ,
#.#..., ,* * ##
..... * #.#
**#... ** #.# *
* ####..g * *
#.# *
....!.o####,#..
, , *
#.oo)@.##.##.##.
#.####........<.
*
,*#....#.##.###*
, ≈ #.##.#.##...
#......# ###.. ,
, .....###.# *
#.# * ####.* #.#
* # , , #.###.#
, ,, * * #.....#
,


You could see 2 orc priests and an orc.

Vanquished Creatures
  A water moccasin (D:6)
  3 ogres
  2 centaurs (D:5)
  2 big kobolds (Sewer)
  2 bullfrogs (D:6)
  A gnoll sergeant (D:7)
  A scorpion (D:6)
  A jelly (D:5)
  Crazy Yiuf (D:4)
  An orc priest (D:4)
  A hound (D:5)
  A centaur skeleton (D:6)
  A bullfrog skeleton (D:6)
  An orc wizard (D:4)
  3 worker ants
  Terence (D:2)
  A killer bee zombie (D:5)
  A hound skeleton (D:6)
  2 howler monkey zombies
  11 gnolls
  A river rat (Sewer)
  12 adders
  A shadow imp (D:6)
  A white imp (D:6)
  2 oozes
  An adder zombie (D:6)
  An adder skeleton (D:5)
  9 worms
  5 dart slugs
  4 leopard geckos
  7 orcs (D:4)
  5 ball pythons (Sewer)
  6 giant cockroaches
  8 goblins
  6 hobgoblins
  5 jackals
  3 quokkas
  4 bats (D:1)
  5 frilled lizards
  10 kobolds
  9 rats
143 creatures vanquished.

Vanquished Creatures (others)
  2 plants (D:1)
2 creatures vanquished.

Grand Total: 145 creatures vanquished

Notes
Turn   | Place    | Note
-------+----------+-------------------------------------------
     0 | D:1      | Borgoz the Gargoyle Gladiator began the quest for the Orb.
     0 | D:1      | Reached XP level 1. HP: 12/12 MP: 1/1
   191 | D:1      | Reached XP level 2. HP: 15/18 MP: 2/2
   532 | D:1      | Reached XP level 3. HP: 19/22 MP: 3/3
   679 | D:1      | Reached skill level 1 in Armour
  1541 | D:2      | Noticed Terence
  1576 | D:2      | Killed Terence
  1577 | D:2      | Reached XP level 4. HP: 27/27 MP: 4/4
  1646 | D:2      | Found a broken altar of Ashenzari.
  1653 | D:2      | Became a worshipper of Ashenzari the Shackled
  2033 | D:1      | Reached skill level 4 in Maces & Flails
  2322 | D:2      | Reached XP level 5. HP: 29/32 MP: 5/5
  2544 | D:3      | Found a glowing drain.
  2565 | Sewer    | Entered a sewer
  2629 | Sewer    | Noticed a big kobold
  2642 | Sewer    | Killed a big kobold
  2643 | Sewer    | Reached XP level 6. HP: 34/37 MP: 6/6
  2918 | Sewer    | Reached skill level 5 in Maces & Flails
  3017 | D:3      | Reached * piety under Ashenzari
  3021 | D:3      | Found a hide-covered altar of Uskayaw.
  3244 | D:3      | Found a shimmering altar of Xom.
  3697 | D:4      | Reached XP level 7. HP: 42/43 MP: 7/7
  4047 | D:4      | Found a runed translucent door.
  4048 | D:4      | Noticed Crazy Yiuf
  4274 | D:4      | Found a large runed translucent door.
  4275 | D:4      | Found a large runed translucent door.
  4277 | D:4      | Noticed jmlagarto's ghost (novice MfTm)
  4488 | D:4      | Killed Crazy Yiuf
  4575 | D:5      | Entered Level 5 of the Dungeon
  4618 | D:5      | Reached skill level 6 in Maces & Flails
  4656 | D:5      | Reached ** piety under Ashenzari
  4853 | D:5      | Found Riysa's Jewellery Emporium.
  5044 | D:5      | Reached XP level 8. HP: 35/48 MP: 8/8
  5255 | D:5      | Found a staircase to the Ecumenical Temple.
  5337 | Temple   | Entered the Ecumenical Temple
  5500 | D:5      | Found a hazy altar of Hepliaklqana.
  5945 | D:6      | Reached skill level 5 in Fighting
  6187 | D:6      | Got the uncursed pair of gloves of Howas {Harm *Slow Str-3
                  | Dex+10}
  6325 | D:6      | Reached skill level 7 in Maces & Flails
  6458 | D:6      | Identified the +3 pair of gloves of Howas {Harm *Slow Str-3
                  | Dex+10} (You found it on level 6 of the Dungeon)
  6596 | D:6      | Found Hugur's Armour Emporium.
  6790 | D:7      | Reached skill level 5 in Armour
  6830 | D:7      | Killed from afar by an orc priest

Illustrated notes

Levels and vault maps discovered:
D:1:      onia_arrival_mini_maze_b, layout_basic, serial_forest,
          infiniplex_forest_straight_5, infiniplex_forest_clump_small,
          infiniplex_forest_lined_1, infiniplex_forest_lined_room_,
          infiniplex_forest_lined_corner, serial_bayou_lagoon_a
D:2:      layout_basic, evilmike_ruin_ashenzari, uniq_terence
D:3:      layout_basic, nicolae_overflow_hidden_temple, lemuel_doored_altar,
          cheibrodos_sewer_entry_drain
D:4:      layout_cave_pools, ebering_ghost_disaster_area,
          uniq_crazy_yiuf_cottage
D:5:      layout_basic, nzn_hepliaklqana_mist_gate, temple_statues,
          serial_shops, shop
D:6:      layout_loops_corners, serial_shops, nicolae_shop_trees
D:7:      layout_loops_cross, kennysheep_path_1, minmay_misc_feat_more_columns,
          patterned_corridor
Temple:   regret_index_temple_waves

Skill      XL: |  1  2  3  4  5  6  7  8 |
---------------+-------------------------+-----
Armour         | 1 2 3 4 5 |  5.1
Fighting       | 3 4 5 |  5.7
Maces & Flails | 4 5 6 7 |  7.6
Dodging        | 3 4 |  4.7
Throwing       | |  1.9

Action                   |  1- 3 |  4- 6 |  7- 9 || total
-------------------------+-------+-------+-------++-------
Melee: Whip              |   125 |   211 |       ||   336
       Morningstar       |       |    25 |    77 ||   102
       Flail             |       |       |   192 ||   192
Throw: Throwing net      |     3 |       |     1 ||     4
  Use: Potion            |     3 |     1 |       ||     4
       Scroll            |       |     9 |     4 ||    13
 Stab: Held in net/web   |     1 |       |       ||     1
Armor: Leather armour    |    38 |    40 |       ||    78
       Ring mail         |       |    30 |   133 ||   163
Dodge: Dodged            |    69 |   112 |   210 ||   391
Block: Other             |    18 |    56 |    79 ||   153
       Reflection        |       |     3 |     5 ||     8
